 Dungeon Crawl Stone Soup version 0.26.1-11-gd32895ea62 (webtiles) character file.

Game seed: 18141991341450818341

36533 Almogavar the Destroyer (level 13, -4/95 HPs)
             Began as a Pale Draconian Conjurer on May 25, 2021.
             Was a High Priest of Nemelex Xobeh.
             Slain by a frost giant
             ... wielding a +1 battleaxe of freezing
              (29 damage)
             ... in an ice cave on May 26, 2021.
             The game lasted 02:03:40 (26272 turns).

Almogavar the Destroyer (Pale Draconian Conjurer)  Turns: 26272, Time: 02:03:41

Health: -4/95      AC: 14    Str: 10    XL:     13   Next: 53%
Magic:  4/29       EV: 14    Int: 26    God:    Nemelex Xobeh [*****.]
Gold:   56         SH:  9    Dex: 10    Spells: 22/37 levels left

rFire    . . .     SeeInvis .   y - +5 mace of Gugaff {holy, *Corrode Will+++ Int+3}
rCold    + . .     Faith    .   K - +0 buckler "Hidosico" {Stlth+}
rNeg     . . .     Spirit   .   (armour unavailable)
rPois    +         Reflect  +   (helmet restricted)
rElec    .         Harm     .   M - +2 cloak {rPois}
rCorr    .         Rampage  .   r - +2 pair of gloves
Will     +++..                  (no boots)
Stlth    ++++......             g - amulet of reflection
HPRegen  0.25/turn              z - +4 ring of protection
MPRegen  0.21/turn              D - ring of protection from cold

@: short of breath, corroded
A: breathe steam, unfitting armour, cold-blooded, AC +8
a: Breathe Steam, Renounce Religion, Draw Escape, Draw Destruction, Draw
Summoning, Triple Draw, Deal Four, Stack Five


You were in an ice cave.
You worshipped Nemelex Xobeh.
Nemelex Xobeh was extremely pleased with you.
You visited 3 branches of the dungeon, and saw 17 of its levels.
You visited 1 bazaar.
You also visited: Sewer, Ossuary and Ice Cave.

You collected 2815 gold pieces.
You spent 2759 gold pieces at shops.

Inventory:

Hand Weapons
 t - a +1 vampiric short sword
 y - the +5 mace of Gugaff (weapon) {holy, *Corrode Will+++ Int+3}
   (You found it on level 6 of the Dungeon)

   It has been blessed by the Shining One to cause great damage to the undead
   and demons.
   It affects your intelligence (+3).
   It affects your willpower, your defense against some magical effects.
   It may corrode you when you take damage.
Armour
 r - a +2 pair of gloves (worn)
 J - the +1 cloak of Mezcal {rF+ Str+4}
   (You bought it in a shop in a bazaar)

   It affects your strength (+4).
   It protects you from fire.
 K - the +0 buckler "Hidosico" (worn) {Stlth+}
   (You found it on level 13 of the Dungeon)

   It makes you more stealthy.
 M - a +2 cloak of poison resistance (worn)
Jewellery
 g - an amulet of reflection (around neck)
 l - an uncursed ring of protection from fire
 m - the ring "Nesub" {Fire rN+ Int+3}
   (You bought it in a shop in a bazaar)

   [ring of fire]

   It enhances your fire magic.
   It affects your intelligence (+3).
   It protects you from fire.
   It makes you vulnerable to cold.
   It protects you from negative energy.
 u - an uncursed ring of willpower
 z - a +4 ring of protection (left hand)
 A - an uncursed ring of poison resistance
 C - an uncursed ring of stealth
 D - a ring of protection from cold (right hand)
 F - a +4 ring of protection
Wands
 v - a wand of paralysis (4)
 x - a wand of disintegration (13)
 B - a wand of enslavement (6)
 H - a wand of digging (6)
 I - a wand of iceblast (6)
Scrolls
 a - a scroll of enchant armour
 d - a scroll of magic mapping
 e - 8 scrolls of teleportation
 i - a scroll of silence {unknown}
 k - 4 scrolls of amnesia
 n - 7 scrolls of remove curse
 o - 4 scrolls of fog
 q - 3 scrolls of fear
 E - a scroll of holy word
Potions
 b - 2 potions of resistance
 c - 6 potions of heal wounds
 f - 5 potions of haste
 h - 3 potions of invisibility
 j - 3 potions of berserk rage
 p - a potion of brilliance
 s - 2 potions of curing
 w - a potion of lignification
 L - 3 potions of flight {unknown}
 N - 4 potions of might
Miscellaneous
 G - a lightning rod (4/4)


   Skills:
 - Level 3.4 Fighting
 + Level 6.6 Dodging
 + Level 5.6 Stealth
 - Level 4.1 Shields
 + Level 12.9 Spellcasting
 + Level 13.5 Conjurations
 - Level 0.1 Hexes
 - Level 7.6 Translocations
 - Level 0.2 Air Magic
 - Level 0.6 Poison Magic
 * Level 4.0 Evocations


You had 22 spell levels left.
You knew the following spells:

 Your Spells              Type           Power        Failure   Level
a - Magic Dart            Conj           100%         0%          1
b - Searing Ray           Conj           100%         1%          2
c - Dazzling Flash        Conj/Hex       100%         1%          3
d - Iskenderun's Mystic   Conj/Tloc      64%          1%          4
e - Blink                 Tloc           N/A          1%          2
f - Mephitic Cloud        Conj/Pois/Air  41%          1%          3

Your spell library contained the following spells:

 Spells                   Type           Power        Failure   Level
 Conjure Flame            Conj/Fire      51%          1%          3
 Static Discharge         Conj/Air       51%          1%          3
 Stone Arrow              Conj/Erth      100%         1%          3
 Fulminant Prism          Conj/Hex       25%          1%          4
 Hailstorm                Conj/Ice       51%          1%          4
 Freeze                   Ice            64%          3%          1
 Sandblast                Erth           32%          3%          1
 Slow                     Hex            17%          4%          2
 Call Imp                 Summ           16%          5%          2
 Passwall                 Tmut/Erth      13%          5%          2
 Lightning Bolt           Conj/Air       25%          5%          5
 Frozen Ramparts          Ice            32%          11%         3
 Ozocubu's Armour         Ice            16%          11%         3
 Petrify                  Tmut/Erth      16%          34%         4
 Summon Ice Beast         Ice/Summ       16%          34%         4
 Lee's Rapid Deconstruct  Erth           8%           67%         5
 Ignition                 Fire           8%           100%        8
 Shatter                  Erth           8%           100%        9
 Tornado                  Air            8%           100%        9


Dungeon Overview and Level Annotations

Branches:
Dungeon (14/15)            Temple (0/1) D:4            Lair (1/6) D:11
    Orc (2/2) D:10            Elf (0/3) Orc:2         Sewer (visited)
Ossuary (visited)           IceCv (1/1)
 Vaults: D:13-14

Altars:
Ashenzari
Dithmenos
Elyvilon
Hepliaklqana
Kikubaaqudgha
Makhleb
Nemelex Xobeh
Qazlal
Ru
Sif Muna
Uskayaw
Xom
Yredelemnul
The Shining One

Shops:
D:13 (   Orc:2 (*?:


Innate Abilities, Weirdness & Mutations

You can breathe blasts of scalding, opaque steam.
Your pale cyan-grey scales are hard. (AC +8)
You cannot fit into any form of body armour.
You are cold-blooded and may be slowed by cold attacks.


Message History

You finish channeling your searing ray.
The frost giant points at you and mumbles some strange words.
The bolt of cold misses you.
The frost giant hits you with a +1 battleaxe of freezing!
* * * LOW HITPOINT WARNING * * *
The frost giant freezes you.
* * * LOW HITPOINT WARNING * * *
Casting: Searing Ray (safe; 1% risk of failure)
Confirm with . or Enter, or press ? or * to list all spells.
You erupt in a blast of force!
The mystic blast hits the frost giant.
The frost giant is severely wounded.
You hear a bellow!
The frost giant gestures at you while chanting.
The bolt of cold hits you! You resist.
* * * LOW HITPOINT WARNING * * *
Okay, then.
You feel much better.
The frost giant hits you with a +1 battleaxe of freezing!!
You die...
Your body glows with a rainbow of weird colours and disappears.

### ######## †h####
####.†.C@.##
#YC..####.....#....####
###...#...Y#######†.†.####
###h...### ####....###
###### ###....###
###....### ###.÷..# ###†.#
####..##


You could see a frost giant and a yak.

Vanquished Creatures
  An orc warlord (Orc:1)
  A hydra (Lair:1)
  Josephine (D:9)
  Erica (D:8)
  3 two-headed ogres
  Urug (D:10)
  3 orc high priests (Orc:2)
  2 unseen horrors
  8 orc sorcerers
  4 orc knights
  An oklob plant (D:11)
  A manticore (D:12)
  Maurice (D:10)
  An ice statue (IceCv)
  A cane toad (Lair:1)
  14 polar bears (IceCv)
  4 trolls
  A hornet (D:10)
  7 wraiths
  A wyvern (D:13)
  26 yaks
  A human (D:11)
  3 basilisks
  Menkaure (D:5)
  3 wargs
  2 water moccasins
  5 ice beasts
  21 orc warriors
  A sky beast (D:7)
  An eye of draining (D:8)
  A black bear (D:8)
  A phantom (D:7)
  5 centaurs
  A necrophage (D:10)
  11 ogres
  15 wolves
  7 big kobolds
  7 bullfrogs
  2 gnoll sergeants
  2 water moccasin zombies
  A wyvern zombie (D:6)
  A wyvern skeleton (D:12)
  6 scorpions
  7 killer bees
  3 howler monkeys
  15 wights (D:7)
  An electric eel (D:6)
  2 jellies
  2 bullfrog zombies
  4 centaur skeletons
  3 bullfrog skeletons
  7 hounds
  20 orc priests
  5 iguanas
  17 orc wizards
  Jessica (D:3)
  Natasha (thrice) (D:2)
  4 worker ants
  2 hound zombies (D:6)
  4 hound skeletons
  A mummy (Ossuary)
  A howler monkey zombie (D:9)
  8 gnolls
  6 river rats
  17 adders
  2 shadow imps
  13 white imps
  3 ufetubi
  3 oozes
  3 adder zombies (D:6)
  2 adder skeletons (D:6)
  7 worms
  4 dart slugs
  5 leopard geckos
  61 orcs
  6 ball pythons
  7 giant cockroaches
  8 goblins
  8 hobgoblins
  7 jackals
  29 kobolds
  8 quokkas
  9 bats
  7 frilled lizards
  2 giant cockroach zombies (D:6)
  5 gnoll skeletons (Ossuary)
  A goblin zombie (D:8)
  A jackal skeleton (D:4)
  5 kobold skeletons (Ossuary)
  2 leopard gecko skeletons (D:4)
  A leopard gecko zombie (D:6)
  15 orc skeletons (Ossuary)
  A quokka skeleton (D:6)
  11 rats
  A rat zombie (D:8)
551 creatures vanquished.

Vanquished Creatures (collateral kills)
  A polar bear (IceCv)
  A yak (IceCv)
2 creatures vanquished.

Vanquished Creatures (others)
  An orc wizard (Orc:2)
  A fungus (Lair:1)
  26 plants
28 creatures vanquished.

Grand Total: 581 creatures vanquished

Notes
Turn   | Place    | Note
-------+----------+-------------------------------------------
     0 | D:1      | Almogavar the Draconian Conjurer began the quest for the
                  | Orb.
     0 | D:1      | Reached XP level 1. HP: 14/14 MP: 3/3
   108 | D:1      | Found a sparkling altar of Nemelex Xobeh.
   116 | D:1      | Became a worshipper of Nemelex Xobeh the Trickster
   722 | D:1      | Reached XP level 2. HP: 20/20 MP: 0/5
   781 | D:1      | Learned a level 2 spell: Searing Ray
  1688 | D:2      | Reached XP level 3. HP: 26/26 MP: 2/6
  1801 | D:2      | Noticed Natasha
  1828 | D:2      | Killed Natasha
  1829 | D:2      | Reached skill level 5 in Conjurations
  1877 | D:2      | Noticed Natasha
  1880 | D:2      | Killed Natasha
  1881 | D:2      | Reached XP level 4. HP: 30/33 MP: 2/7
  2535 | D:2      | Noticed Natasha
  2539 | D:2      | Killed Natasha
  2540 | D:2      | Reached XP level 5. HP: 38/38 MP: 3/9
  2618 | D:2      | Found a faded altar of an unknown god.
  2849 | D:2      | Found a glowing golden altar of the Shining One.
  2951 | D:2      | Reached * piety under Nemelex Xobeh
  3977 | D:3      | Found a stormy altar of Qazlal.
  3977 | D:3      | Noticed Jessica
  3982 | D:3      | Killed Jessica
  4016 | D:3      | Reached XP level 6. HP: 45/45 MP: 8/11
  4298 | D:3      | Received a gift from Nemelex Xobeh
  4735 | D:3      | Reached skill level 6 in Conjurations
  5307 | D:4      | Your scales start taking on a pale cyan-grey colour.
  5307 | D:4      | Reached XP level 7. HP: 42/50 MP: 4/13
  5780 | D:4      | Reached skill level 1 in Shields
  5951 | D:4      | Found a staircase to the Ecumenical Temple.
  5974 | D:4      | Reached ** piety under Nemelex Xobeh
  6149 | D:4      | Received a gift from Nemelex Xobeh
  6426 | D:5      | Entered Level 5 of the Dungeon
  6426 | D:5      | Found an ancient bone altar of Kikubaaqudgha.
  6431 | D:5      | Learned a level 3 spell: Dazzling Flash
  6490 | D:5      | Noticed Menkaure
  6501 | D:5      | Reached skill level 5 in Spellcasting
  6502 | D:5      | Killed Menkaure
  6503 | D:5      | Reached skill level 7 in Conjurations
  6503 | D:5      | Reached XP level 8. HP: 53/58 MP: 5/15
  6629 | D:5      | Found a burning altar of Makhleb.
  6918 | D:5      | Reached skill level 1 in Fighting
  6981 | D:5      | Found a hide-covered altar of Uskayaw.
  7183 | D:6      | Found a glowing drain.
  7189 | Sewer    | Entered a sewer
  7189 | Sewer    | Received a gift from Nemelex Xobeh
  8540 | D:6      | Reached skill level 8 in Conjurations
  8639 | D:6      | Got a fine mace
  8640 | D:6      | Identified the +5 mace of Gugaff {holy, *Corrode Will+++
                  | Int+3} (You found it on level 6 of the Dungeon)
  8735 | D:6      | Found a burning altar of Makhleb.
  8963 | D:6      | Reached XP level 9. HP: 64/64 MP: 12/19
 10121 | D:7      | Noticed a two-headed ogre
 10128 | D:7      | Reached skill level 9 in Conjurations
 10134 | D:7      | Killed a two-headed ogre
 10357 | D:7      | Received a gift from Nemelex Xobeh
 10653 | D:7      | Reached *** piety under Nemelex Xobeh
 10782 | D:7      | Reached XP level 10. HP: 32/71 MP: 11/22
 11000 | D:7      | Found a shadowy altar of Dithmenos.
 11002 | D:7      | Found a sacrificial altar of Ru.
 11114 | D:7      | Learned a level 4 spell: Iskenderun's Mystic Blast
 11296 | D:7      | Reached skill level 10 in Conjurations
 11712 | D:8      | Received a gift from Nemelex Xobeh
 11720 | D:8      | Found a sand-covered staircase.
 11782 | Ossuary  | Entered an ossuary
 12665 | D:8      | Found a broken altar of Ashenzari.
 12667 | D:8      | Reached **** piety under Nemelex Xobeh
 12757 | D:8      | Found a white marble altar of Elyvilon.
 12794 | D:8      | Noticed Erica
 12806 | D:8      | Killed Erica
 12807 | D:8      | Reached skill level 1 in Translocations
 13564 | D:9      | Reached skill level 5 in Stealth
 13934 | D:9      | Found a shimmering blue altar of Sif Muna.
 14301 | D:8      | Reached skill level 10 in Spellcasting
 14693 | D:9      | Reached XP level 11. HP: 78/78 MP: 21/25
 14752 | D:9      | Found a hazy altar of Hepliaklqana.
 14753 | D:9      | Found a shimmering altar of Xom.
 14793 | D:9      | Learned a level 2 spell: Blink
 14797 | D:9      | Learned a level 3 spell: Mephitic Cloud
 14910 | D:10     | Entered Level 10 of the Dungeon
 15044 | D:10     | Reached skill level 11 in Conjurations
 15369 | D:10     | Noticed Josephine
 15395 | D:9      | Killed Josephine
 15666 | D:10     | Received a gift from Nemelex Xobeh
 15898 | D:10     | Noticed a two-headed ogre
 15910 | D:10     | Killed a two-headed ogre
 15970 | D:10     | Found a basalt altar of Yredelemnul.
 16224 | D:10     | Noticed Urug
 16237 | D:10     | Killed Urug
 16352 | D:10     | Received a gift from Nemelex Xobeh
 16439 | D:10     | Noticed Maurice
 16780 | D:10     | Killed Maurice
 16781 | D:10     | Reached skill level 12 in Conjurations
 16781 | D:10     | Reached skill level 5 in Translocations
 17094 | D:10     | Identified the -2 quarterstaff of the Extremely Mad
                  | {vorpal, Int+7 Stlth+}
 17094 | D:10     | Killed an unseen horror
 17751 | D:10     | Found a staircase to the Orcish Mines.
 17958 | D:11     | Found a staircase to the Lair.
 17959 | D:11     | Noticed an oklob plant
 17963 | D:11     | Received a gift from Nemelex Xobeh
 18561 | D:11     | You fall into a shaft and drop 3 floors!
 18562 | D:14     | Noticed a two-headed ogre
 18568 | D:14     | Killed a two-headed ogre
 18569 | D:14     | Reached XP level 12. HP: 84/85 MP: 17/27
 18649 | D:13     | Reached ***** piety under Nemelex Xobeh
 18788 | D:13     | Found Uhiaton's Weapon Emporium.
 18905 | D:13     | Received a gift from Nemelex Xobeh
 18985 | D:13     | Got a fine buckler
 19000 | D:13     | Identified the +0 buckler "Hidosico" {Stlth+} (You found it
                  | on level 13 of the Dungeon)
 20522 | Orc:1    | Entered Level 1 of the Orcish Mines
 20532 | Orc:1    | Reached skill level 5 in Dodging
 21484 | Orc:2    | Entered Level 2 of the Orcish Mines
 21484 | Orc:2    | Received a gift from Nemelex Xobeh
 21544 | Orc:2    | Noticed an orc warlord
 22012 | Orc:1    | HP: 2/89 [orc warlord/+1 great sword of holy wrath (30)]
 22025 | Orc:1    | Killed an orc warlord
 22455 | Orc:2    | Found a flickering gateway to a bazaar.
 22457 | Orc:2    | Found a staircase to the Elven Halls.
 22464 | Bazaar   | Entered a bazaar
 22468 | Bazaar   | Found Owargh's General Store.
 22474 | Bazaar   | Bought a potion of heal wounds for 75 gold pieces
 22491 | Bazaar   | Found Ejoakhux's Gadget Emporium.
 22512 | Bazaar   | Found Wytiaf's Magic Scroll Boutique.
 22532 | Bazaar   | Found Linurot's Jewellery Shoppe.
 22574 | Bazaar   | Bought a scroll of acquirement for 624 gold pieces
 22574 | Bazaar   | Acquired 1338 gold pieces
 22590 | Bazaar   | Bought the ring "Nesub" {Fire rN+ Int+3} for 382 gold
                  | pieces
 22621 | Bazaar   | Bought a lightning rod (4/4) for 360 gold pieces
 22636 | Bazaar   | Bought the +1 cloak of Mezcal {rF+ Str+4} for 478 gold
                  | pieces
 22908 | Orc:2    | Noticed an orc high priest
 23230 | Orc:1    | Reached skill level 13 in Conjurations
 23328 | Orc:2    | Killed an orc high priest
 23414 | Orc:2    | Noticed an orc high priest
 23421 | Orc:2    | Killed an orc high priest
 23583 | Orc:2    | Reached XP level 13. HP: 73/94 MP: 2/29
 24217 | Orc:2    | Found Cyutheik's Magic Scroll Shop.
 24248 | Orc:2    | Reached skill level 1 in Evocations
 24387 | Orc:2    | Found Ladan's Weapon Shoppe.
 24405 | Orc:2    | Found Osmaump's Assorted Antiques.
 24406 | Orc:2    | Found Yczoecaqa's Book Shop.
 24426 | Orc:2    | Bought a book of the Tempests for 840 gold pieces
 24571 | Lair:1   | Entered Level 1 of the Lair of Beasts
 24739 | Lair:1   | Received a gift from Nemelex Xobeh
 24800 | Lair:1   | Found a frozen archway.
 24834 | IceCv    | Entered an ice cave
 26234 | IceCv    | Noticed a frost giant
 26271 | IceCv    | HP: 2/95 [frost giant/bolt of cold (15)]
 26272 | IceCv    | Slain by a frost giant

Illustrated notes

Levels and vault maps discovered:
D:1:      amcnicky_arrival_abandoned_market, layout_loops_ring,
          chequers_mini_garden, kennysheep_decorative_pillar,
          nemelex_xobeh_ov_fountains_minmay
D:2:      layout_loops_ring, chequers_ecumenical_altar_simple,
          nicolae_tso_swordbearing_angel, uniq_natasha
D:3:      layout_basic, nicolae_qazlal_general_emergency, serial_bayou,
          serial_bayou_pond_e, serial_bayou_pond_d, serial_bayou_crossing,
          serial_bayou_pond_e, nrook_campfire, kennysheep_potato, uniq_jessica
D:4:      wad_river_or_something, layout_basic, minmay_temple_entry_trees
D:5:      layout_basic, kennysheep_mini, lemuel_crystal_altar, bloody_makhleb,
          uniq_menkaure
D:6:      layout_basic, overflow_temple_1_default, lightli_sewer_entry_pipes,
          serial_undead, serial_undead_a, serial_undead_c, serial_undead_d,
          serial_undead_b, serial_undead_d, serial_undead_c, serial_undead_f,
          serial_undead_d, serial_undead_a, serial_undead_d, water_maze_lemuel
D:7:      minmay_cornered_nines, layout_basic,
          chequers_temple_overflow_statue_of_worship
D:8:      layout_cave_pools, elyvilon_altar_1, general_overflow_altar,
          enter_ossuary_4, minmay_misc_feat_rows, uniq_erica
D:9:      layout_rooms, regret_index_temple_of_mockery, tgw_sif
D:10:     layout_loops_corners, orc_0_dummy, serial_rivers,
          chequers_serial_rivers_large_a, chequers_serial_rivers_micro_c,
          chequers_serial_rivers_micro_e, chequers_serial_rivers_small_b,
          basic_altar, uniq_urug, uniq_josephine, uniq_maurice
D:11:     layout_big_octagon, dpeg_oklobed_lair
D:12:     minmay_inside_and_out, layout_cave_pools
D:13:     lemuel_bear_cage, layout_irregular_city, david_vaults_1, serial_shops,
          shop_statue, nicolae_two_hexagons, uniq_azrael, uniq_frances
D:14:     gammafunk_sealed_library, layout_loops_ring, minivault_24,
          enter_bailey_5, roderic_batcave, minmay_guarded_unrand_resistance
Lair:1:   layout_long_grid, basic_altar, portal_ice_cave_entry_imps,
          grunt_megastairs_2, infiniplex_staircase_pool
Orc:1:    layout_caves
Orc:2:    st_orc_elflike, layout_caves, serial_shops, bzr_in_the_mist
IceCv:    ice_cave_small_giant

Skill      XL: |  1  2  3  4  5  6  7  8  9 10 11 12 13 |
---------------+----------------------------------------+-----
Dodging        | 2 3 4 5 6 |  6.6
Conjurations   | 5 6 7 8 9 10 12 13 | 13.5
Stealth        | 2 3 4 5 |  5.6
Spellcasting   | 3 4 5 7 8 10 11 12 | 12.9
Shields        | 1 2 3 4 |  4.1
Fighting       | 1 2 3 |  3.4
Translocations | 3 5 7 |  7.6
Evocations     | 4 |  4.0
Hexes          | |  0.1
Air Magic      | |  0.2
Poison Magic   | |  0.6

Action                   |  1- 3 |  4- 6 |  7- 9 | 10-12 | 13-15 || total
-------------------------+-------+-------+-------+-------+-------++-------
Melee: Unarmed           |    24 |       |       |       |       ||    24
       Mace              |       |       |       |    38 |       ||    38
       Tailslap          |       |       |       |     2 |       ||     2
 Cast: Magic Dart        |    41 |    55 |   141 |   171 |    54 ||   462
       Searing Ray       |    12 |    43 |    85 |   199 |    63 ||   402
       Iskenderun's Myst |       |       |       |    44 |    16 ||    60
       Mephitic Cloud    |       |       |       |     2 |     2 ||     4
       Dazzling Flash    |       |       |       |     1 |       ||     1
Invok: Draw Escape       |       |       |     1 |     1 |     1 ||     3
       Draw Destruction  |       |       |       |     7 |     1 ||     8
       Draw Summoning    |       |       |       |     3 |     2 ||     5
 Abil: Breathe Steam     |       |       |     3 |    18 |    10 ||    31
Evoke: Wand              |       |       |       |     1 |       ||     1
  Use: Scroll            |     3 |     2 |     5 |    23 |     1 ||    34
       Potion            |       |       |       |     2 |     2 ||     4
Armor: Skin              |     3 |     9 |    15 |   129 |    64 ||   220
Dodge: Dodged            |    17 |    19 |    36 |   132 |    72 ||   276
Block: Other             |       |     5 |    17 |    17 |       ||    39
       Reflection        |       |       |     4 |    17 |     2 ||    23
       Buckler           |       |       |       |    82 |    61 ||   143
